Tryst, neutral female human Monk ----- --------- |<..--- ------.......-- ------- --------------- |.....---|.........--..| |.....| ------- |.............| --..|.)..|.---------|..| |.(_..| |>....| --|---|--.----|| --.|-.....---- ---- |.....| ------ --....|--- |..|...|-.|.-..| --|...[...).|-- ----- ---|--- |..).| ---..|..---|..|--.-..--|..| ----.|.%..|..----...-- |.| |. |.| ---|-.....-.--........--|| -----..|....|.....---- |.| | |.|-----......--....[...........| ------ |..|.............---.-- |....||.......-|..--------|--..-- |.%%.| --..%...---...........----- |.|..||...{....|--|.........|..-- |....| |........|...|...........---|.|..|--.......| |.)%.))%!?|...| ---|--.-----....-------...---......-|.|------....--- -----------...| ----.-.--....-|...-|..|..|-...|..---...|.--..|...|.. ------ |.......-- |..[-.........|..--|..|..|--.....|-....|........---...-|.(((| |.------- |..-..........)....-|---.-----..--..........--....--...-.(((| |.|...| -----...%.{....----..........(....|...`.......|-...|...-|.(((| |.|[..| |..............-- --|--.---------.........--..| .......|------ |.--|------- ||-----.........| |...|.|.(.(| --.......------ ..|....|--------..@).|....| |.(.| --..------- |...|.-.(((| ---...--- ...--......|...B..Y@.-+| |...| --- ------|.(((| ----- -.....----......@.|..|(| ----- ------ ------ --------------- Tryst the Initiate Experience level: 9 Strength: 17 Dexterity: 15 Constitution: 12 Intelligence: 9 Wisdom: 18 Charisma: 7 Health: 0(59) Energy: 61(61) AC: 1 Gold: 1006 Moves: 5177 Your Inventory: Coins $ - 1006 gold pieces Weapons x - 7 [uncursed +0] crude arrows [of frost (orcish)] (in quiver) Armor a - an uncursed +2 pair of leather gloves (being worn) b - an uncursed +1 robe (being worn) o - an uncursed +0 orcish helm (being worn) s - a blessed +0 pair of iron shoes (being worn) Comestibles d - 2 [uncursed] tins [of spinach] g - 6 uncursed food rations Potions u - an [uncursed] white potion [of booze] Rings w - an [uncursed] amber ring [of searching] Tools c - an [uncursed] bag named <> [of holding] n - an uncursed skeleton key y - an [uncursed tallow] candle O - an uncursed bag named <> [of holding] X - an uncursed [+0] unicorn horn Y - an [uncursed oil] lamp named check at 6000 (lit) Gems v - an [uncursed] violet gem [worthless glass] z - 2 [uncursed] red gems [garnet] Contents of the bag of holding named <>: 2 uncursed [stale] eggs named food or monster??? an uncursed [stale] egg named please be dragon 2 uncursed tripe rations an [uncursed] muddy potion [of confusion] an uncursed potion of healing Contents of the bag of holding named <>: a blessed scroll labeled DAIYEN FOOELS [of confuse monster] an uncursed scroll of charging an [uncursed] scroll of identify a blessed unlabeled scroll [of blank paper] 2 uncursed unlabeled scrolls [of blank paper] a blessed spellbook of protection a blessed dark potion [of extra healing] a cursed potion of object detection a cursed silver potion [of restore ability] an uncursed chrome wand named detect something [of opening (0:4)] an uncursed wand of sleep [0:3] an uncursed skeleton key an uncursed towel Spells known in the end: Name Level Category Fail Memory a - protection 1 clerical 0% [||||||..] Your skills at the end: Fighting Skills martial arts [Skilled / Grand Master] Weapon Skills Spellcasting Skills healing spells [Basic / Expert] clerical spells [Basic / Skilled] Final Attributes: You were piously aligned. Hunger level was 837. Your alignment was 35 / 35. Monster difficulty range was 1 - 8. Level difficulty was 7. You resisted fire. You were immune to sleep. You were immune to poison. You saw invisible. You were warned. You had automatic searching. You were stealthy. You were held by an owlbear. You were fast. Your luck was zero. You are dead (2nd time!). Vanquished creatures: 2 chameleons 2 giant beetles a wolf a panther a giant spider 2 ice vortices a vampire bat a dwarf mummy a brown pudding a gold golem a white unicorn a dust vortex a raven a snake an ape 4 fire ants 10 gnome lords 4 gnomish wizards a kobold mummy a gray ooze a paper golem 3 giant ants 8 dwarves 3 hill orcs 2 rothes a centipede a giant bat 2 monkeys 5 dwarf zombies a wererat a werejackal an iguana an acid blob 5 coyotes a gas spore 4 hobbits 11 manes 2 large kobolds a hobgoblin 3 cave spiders 2 yellow molds a green mold 43 gnomes 7 garter snakes a gnome zombie 4 geckos 2 jackals 2 foxes a goblin 4 sewer rats 3 grid bugs a bat 4 lichens a kobold zombie 3 newts 174 creatures vanquished. Voluntary challenges: You pretended to be a vegetarian. You never hit with a wielded weapon. You read items or engraved 24 times. You put on armor 4 times. You never genocided any monsters. You never polymorphed an object. You never changed form. You used no wishes. You wrote Elbereth's name 10 times. You never encountered a bones level. You never used any Sokoban shortcuts. Dungeon overview: The Dungeons of Doom: levels 1 to 7 Level 1 a long staircase Level 2 (Altar Here) a general store, an altar to Chih Sung-tzu, a fountain, a sink Level 3 (Mines Entrance) a fountain stairs to The Gnomish Mines Level 4 a fountain Level 5 a fountain Level 6 a fountain Level 7 many fountains The Gnomish Mines: levels 4 to 8 Level 4 stairs to The Dungeons of Doom Level 7 (Home Base) <- You were here many shops, a temple, a magic chest, some fountains History has recorded: On T:1 you entered the Dungeons of Doom to retrieve the Amulet of Yendor! On T:174 you reached level 2 of The Dungeons of Doom. On T:234 you advanced to experience level 2. On T:532 you advanced to experience level 3. On T:812 you reached level 3 of The Dungeons of Doom. On T:978 you reached level 4 of The Dungeons of Doom. On T:996 you reached level 1 of The Gnomish Mines. On T:1069 you advanced to experience level 4. On T:1319 you reached level 5 of The Dungeons of Doom. On T:1449 you advanced to experience level 5. On T:1727 you reached level 6 of The Dungeons of Doom. On T:2102 you reached level 7 of The Dungeons of Doom. On T:2166 you advanced to experience level 6. On T:2448 you were saved from death by your amulet of life saving! On T:2480 you advanced to experience level 7. On T:3206 you reached level 2 of The Gnomish Mines. On T:3330 you advanced to experience level 8. On T:3498 you reached level 3 of The Gnomish Mines. On T:3838 you reached level 4 of The Gnomish Mines. On T:4494 you advanced to experience level 9. On T:4747 you reached level 5 of The Gnomish Mines. Latest messages: [HP+1=38] You see a door open. You stop searching. [57 turns] You hit the owlbear! The owlbear hits! (2x) The owlbear grabs you! [HP-8=30] You hit the owlbear! The owlbear hits! The owlbear misses. You are being crushed. [HP-9=21] You hit the owlbear! The owlbear hits! (2x) You are being crushed. [HP-18=3] You write with your fingers into the dust. The owlbear misses. The owlbear hits! You die... Final status: Punardarsanaya Tryst the Monk... You died in The Gnomish Mines on dungeon level 7 with 1484 points, and 1006 pieces of gold, after 5177 moves. You were level 9 with a maximum of 59 hit points when you died.